 Dungeon Crawl Stone Soup version 0.29-a0-419-g77450f2105 (webtiles) character file.

Game seed: 11412230921936775048

382 KhasaRR the Covered (level 6, -4/44 HPs)
             Began as a Gnoll Wanderer on May 18, 2022.
             Was a Priest of Wu Jian.
             Slain by Duvessa
             ... wielding a +0 short sword
              (9 damage)
             ... on level 7 of the Dungeon.
             The game lasted 00:16:14 (3154 turns).

KhasaRR the Covered (Gnoll Wanderer)                Turns: 3154, Time: 00:16:14

Health: -4/44      AC: 12    Str: 17    XL:     6   Next: 76%
Magic:  8/9        EV:  7    Int: 10    God:    Wu Jian [***...]
Gold:   1037       SH:  0    Dex:  9    Spells: 9/9 levels left

rFire   + . .      SeeInvis .   v - +2 hand axe (pain)
rCold   + . .      Faith    .   (no shield)
rNeg    . . .      Spirit   .   r - +0 chain mail
rPois   +          Reflect  .   (helmet restricted)
rElec   +          Harm     .   (no cloak)
rCorr   +          Rampage  .   (no gloves)
Will    .....                   (no boots)
Stlth   ..........              (no amulet)
HPRegen 0.14/turn               j - +4 ring of slaying
MPRegen 0.11/turn               o - ring of resist corrosion

@: exhausted, resistant, hasted, very quick
A: fangs 1, strong nose, distributed training, horns 1, iridescent scales 1, no
potion heal 1, subdued magic 1
a: Renounce Religion, Wall Jump, Serpent's Lash


You were on level 7 of the Dungeon.
You worshipped Wu Jian.
Wu Jian was most pleased with you.
You visited 1 branch of the dungeon, and saw 5 of its levels.

You collected 1037 gold pieces.

Inventory:

Hand Weapons
 a - a +2 hand axe
 e - a +3 dagger of electrocution
 v - a +2 hand axe of pain (weapon)
Armour
 c - a +0 ring mail
 q - a +0 helmet
 r - a +0 chain mail (worn)
Jewellery
 j - a +4 ring of slaying (left hand)
 o - a ring of resist corrosion (right hand)
 p - a ring of resist corrosion
Scrolls
 b - 2 scrolls of teleportation
 i - 2 scrolls of enchant armour
 m - a scroll of vulnerability
 n - a scroll of magic mapping {unknown}
 u - a scroll of poison
Potions
 d - a potion of attraction
 g - 2 potions of cancellation
 h - 2 potions of degeneration
 k - a potion of flight {unknown}
 l - 3 potions of curing


   Skills:
 + Level 2.1 Fighting
 + Level 2.1 Short Blades
 + Level 2.1 Long Blades
 + Level 6.9 Axes
 + Level 2.1 Maces & Flails
 + Level 2.1 Polearms
 + Level 2.1 Staves
 + Level 2.1 Slings
 + Level 2.1 Bows
 + Level 2.1 Crossbows
 + Level 2.1 Throwing
 + Level 6.9 Armour
 + Level 2.1 Dodging
 + Level 3.2 Stealth
 + Level 2.1 Shields
 + Level 3.3 Unarmed Combat
 + Level 2.1 Spellcasting
 + Level 1.6 Conjurations
 + Level 1.6 Hexes
 + Level 1.6 Summonings
 + Level 1.6 Necromancy
 + Level 1.6 Translocations
 + Level 1.6 Transmutations
 + Level 1.6 Fire Magic
 + Level 1.6 Ice Magic
 + Level 1.6 Air Magic
 + Level 1.6 Earth Magic
 + Level 1.6 Poison Magic
 + Level 2.3 Invocations
 + Level 5.0 Evocations


You had 9 spell levels left.
You didn't know any spells.
Your spell library contained the following spells:

 Spells                   Type           Power      Damage    Failure   Level
 Sting                    Tmut/Pois      12%        1d3       86%         1
 Poisonous Vapours        Pois/Air       6%         N/A       94%         2
 Olgreb's Toxic Radiance  Pois           3%         N/A       100%        4
 Summon Lightning Spire   Summ/Air       3%         N/A       100%        4
 Storm Form               Tmut/Air       1%         N/A       100%        7
 Maxwell's Capacitive Co  Air            1%         ∞         100%        8


Dungeon Overview and Level Annotations

Branches:
Dungeon (4/15)
 Temple: D:4-7

Altars:
Makhleb
Nemelex Xobeh
Okawaru
Trog
Uskayaw
Wu Jian
Yredelemnul

Portals:
Ossuary: D:4

Annotations:
D:7 Duvessa


Innate Abilities, Weirdness & Mutations

You have very sharp teeth.
Your uncanny sense of smell can sniff out nearby items.
Your experience applies equally to all skills.
You have a pair of small horns on your head.
You are partially covered in iridescent scales. (AC +2)
Potions are less effective at restoring your health.
Your spells are a little easier to cast, but a little less powerful.


Message History

You closely miss Dowan. You hit Dowan. You bite Dowan.
Dowan is heavily wounded.
Dowan points at you and mumbles some strange words.
The puff of frost hits you. You resist.
You closely miss Dowan. You bite Dowan.
Dowan is heavily wounded.
Dowan barely misses you.
Read: 2 scrolls of poison
Press: ? - help, Q - select action, (/) - cycle Dir - look around, f - activate The air fills with toxic fumes!
As you read the scroll of poison, it crumbles to dust.
You slash Dowan!
Dowan is almost dead.
Dowan says, "Magic and the sword, together, will defeat you."
Dowan hits you but does no damage.
You slash Dowan!
You kill Dowan!
The Council accepts your kill.
Duvessa weeps, and shakes her weapon.
Duvessa goes berserk!
You closely miss Duvessa.
Duvessa is engulfed in poison gas.
Duvessa is poisoned.
Duvessa hits you with a +0 short sword!
* * * LOW HITPOINT WARNING * * *
Your system partially rejects the healing.
You feel much better.
Duvessa is engulfed in poison gas.
Duvessa looks even sicker.
Duvessa hits you with a +0 short sword.
You barely miss Duvessa. You headbutt Duvessa.
Duvessa is lightly wounded.
Duvessa is engulfed in poison gas.
Duvessa looks even sicker.
Duvessa closely misses you.
You hit Duvessa. You bite Duvessa, but do no damage.
Duvessa is moderately wounded.
Duvessa is engulfed in poison gas.
Duvessa looks as sick as possible!
Duvessa hits you with a +0 short sword!
* * * LOW HITPOINT WARNING * * *
Your system partially rejects the healing.
You feel better.
Duvessa is engulfed in poison gas.
Duvessa looks as sick as possible!
Duvessa hits you with a +0 short sword!
You die...

## ### ##. #§§ ..
###§#########.
#.§§§...... #.###
#§#§# #.§# #...#
#§#§###§§######)#.##
#§§§§§§§§§§.........
#§)@§§§§§###########
#§§e§§§§§§§...
.§§§§#.§§§§§§§###
§§§§§§§§§§§§§§§...
#§######§#§####§###
# #§#§# .# §§#§# .#
.§§#§# ....#.# ∆


You could see Duvessa (berserk, extremely poisoned).

Vanquished Creatures
  An orc warrior (D:7)
  A bullfrog (D:4)
  Dowan (D:7)
  An orc priest (D:3)
  6 adders
  4 dart slugs
  7 orcs
  8 endoplasms
  5 giant cockroaches
  4 goblins
  9 hobgoblins
  9 kobolds
  2 quokkas
  8 ball pythons
  5 bats
  3 frilled lizards
  6 rats
80 creatures vanquished.

Vanquished Creatures (others)
  A plant (D:4)
1 creature vanquished.

Grand Total: 81 creatures vanquished

Notes
Turn   | Place    | Note
-------+----------+-------------------------------------------
     0 | D:1      | KhasaRR the Gnoll Wanderer began the quest for the Orb.
     0 | D:1      | KhasaRR set off with the following items: a +2 hand axe, a
                  | scroll of teleportation, a +0 ring mail, a potion of
                  | attraction
     0 | D:1      | Reached XP level 1. HP: 13/13 MP: 1/1
   192 | D:1      | Found a faded altar of an unknown god.
   201 | D:1      | Reached XP level 2. HP: 19/19 MP: 2/2
   214 | D:1      | Prayed at the altar of an unknown god.
   214 | D:1      | Became a worshipper of the Wu Jian Council
   214 | D:1      | Reached * piety under Wu Jian
   489 | D:1      | Reached XP level 3. HP: 16/25 MP: 3/3
   777 | D:1      | Identified a scroll of acquirement
   777 | D:1      | Acquired 776 gold pieces
   786 | D:2      | Found a burning altar of Makhleb.
   804 | D:2      | Reached skill level 1 in Invocations
  1070 | D:2      | Reached ** piety under Wu Jian
  1074 | D:2      | Reached skill level 1 in Fighting
  1074 | D:2      | Reached skill level 1 in Short Blades
  1074 | D:2      | Reached skill level 1 in Long Blades
  1074 | D:2      | Reached skill level 1 in Maces & Flails
  1074 | D:2      | Reached skill level 1 in Polearms
  1074 | D:2      | Reached skill level 1 in Staves
  1074 | D:2      | Reached skill level 1 in Slings
  1074 | D:2      | Reached skill level 1 in Bows
  1074 | D:2      | Reached skill level 1 in Crossbows
  1074 | D:2      | Reached skill level 1 in Throwing
  1074 | D:2      | Reached skill level 1 in Dodging
  1074 | D:2      | Reached skill level 1 in Shields
  1074 | D:2      | Reached skill level 1 in Spellcasting
  1074 | D:2      | Reached XP level 4. HP: 28/32 MP: 5/5
  1841 | D:3      | Reached skill level 1 in Conjurations
  1841 | D:3      | Reached skill level 1 in Hexes
  1841 | D:3      | Reached skill level 1 in Summonings
  1841 | D:3      | Reached skill level 1 in Necromancy
  1841 | D:3      | Reached skill level 1 in Translocations
  1841 | D:3      | Reached skill level 1 in Transmutations
  1841 | D:3      | Reached skill level 1 in Fire Magic
  1841 | D:3      | Reached skill level 1 in Ice Magic
  1841 | D:3      | Reached skill level 1 in Air Magic
  1841 | D:3      | Reached skill level 1 in Earth Magic
  1841 | D:3      | Reached skill level 1 in Poison Magic
  2335 | D:3      | Reached XP level 5. HP: 33/37 MP: 5/7
  2384 | D:3      | Found an iron altar of Okawaru.
  2699 | D:3      | Gained mutation: You sometimes lose the ability to read
                  | scrolls when taking damage. [potion of mutation]
  2699 | D:3      | Gained mutation: You are clumsy. (Dex -2) [potion of
                  | mutation]
  2882 | D:4      | Found a basalt altar of Yredelemnul.
  3003 | D:4      | Reached *** piety under Wu Jian
  3012 | D:4      | Found a sparkling altar of Nemelex Xobeh.
  3020 | D:4      | Found a bloodstained altar of Trog.
  3024 | D:4      | Reached XP level 6. HP: 36/44 MP: 8/8
  3049 | D:4      | Noticed a +0 dagger
  3050 | D:4      | Noticed a +0 dagger
  3051 | D:4      | Noticed a +0 spear
  3059 | D:4      | Found a hide-covered altar of Uskayaw.
  3059 | D:4      | Noticed a +0 falchion
  3059 | D:4      | Noticed a +0 falchion
  3061 | D:4      | Noticed a +0 short sword
  3064 | D:4      | Noticed a +0 spear
  3064 | D:4      | Noticed a +0 short sword
  3112 | D:4      | Found a sand-covered staircase.
  3114 | D:4      | You fall into a shaft and drop 3 floors!
  3127 | D:7      | Noticed Dowan
  3128 | D:7      | Noticed an orc warrior
  3134 | D:7      | Lost mutation: You are clumsy. (Dex -2) [potion of
                  | mutation]
  3134 | D:7      | Lost mutation: You sometimes lose the ability to read
                  | scrolls when taking damage. [potion of mutation]
  3134 | D:7      | Gained mutation: Your spells are a little easier to cast,
                  | but a little less powerful. [potion of mutation]
  3134 | D:7      | Gained mutation: Potions are less effective at restoring
                  | your health. [potion of mutation]
  3134 | D:7      | Gained mutation: You have a pair of small horns on your
                  | head. [potion of mutation]
  3134 | D:7      | Gained mutation: You are partially covered in iridescent
                  | scales. (AC +2) [potion of mutation]
  3142 | D:7      | Noticed Duvessa
  3142 | D:7      | Killed an orc warrior
  3142 | D:7      | Reached skill level 5 in Evocations
  3150 | D:7      | Killed Dowan
  3153 | D:7      | HP: 2/44 [Duvessa/+0 short sword (13)]
  3154 | D:7      | Slain by Duvessa

Illustrated notes

Levels and vault maps discovered:
D:1:      lightli_arrival_chessboard, layout_basic, basic_ecumenical_altar,
          st_stairs_10
D:2:      layout_loops_corners, basic_altar, corner_web_ring
D:3:      layout_basic, mainiacjoe_overflow_concentric_impassable
D:4:      layout_basic, nicolae_uskayaw_en_pointe,
          mainiacjoe_overflow_cross_hatched, mainiacjoe_overflow_big_doors,
          nicolae_ossuary_entry_monument, serial_shops, shop,
          nicolae_specific_store
D:7:      layout_basic, minmay_temple_entry_water_ring, uniq_pikel, uniq_duvessa

Skill      XL: |  1  2  3  4  5  6 |
---------------+-------------------+-----
Invocations    | 1 2 |  2.3
Fighting       | 1 2 |  2.1
Short Blades   | 1 2 |  2.1
Long Blades    | 1 2 |  2.1
Maces & Flails | 1 2 |  2.1
Polearms       | 1 2 |  2.1
Staves         | 1 2 |  2.1
Slings         | 1 2 |  2.1
Bows           | 1 2 |  2.1
Crossbows      | 1 2 |  2.1
Throwing       | 1 2 |  2.1
Dodging        | 1 2 |  2.1
Shields        | 1 2 |  2.1
Spellcasting   | 1 2 |  2.1
Conjurations   | 1 |  1.6
Hexes          | 1 |  1.6
Summonings     | 1 |  1.6
Necromancy     | 1 |  1.6
Translocations | 1 |  1.6
Transmutations | 1 |  1.6
Fire Magic     | 1 |  1.6
Ice Magic      | 1 |  1.6
Air Magic      | 1 |  1.6
Earth Magic    | 1 |  1.6
Poison Magic   | 1 |  1.6
Unarmed Combat | 3 |  3.3
Stealth        | 3 |  3.2
Evocations     | 5 |  5.0
Axes           | |  6.9
Armour         | |  6.9

Action                   |  1- 3 |  4- 6 || total
-------------------------+-------+-------++-------
Melee: Hand axe          |    78 |   100 ||   178
       Punch             |     1 |     3 ||     4
       Bite              |     2 |     9 ||    11
       Headbutt          |       |     4 ||     4
Invok: Whirlwind         |    33 |    15 ||    48
       Lunge             |     8 |    30 ||    38
       Serpent's Lash    |       |     1 ||     1
  Use: Potion            |     1 |     7 ||     8
       Scroll            |     2 |     7 ||     9
 Stab: Sleeping          |       |     1 ||     1
Armor: Ring mail         |    37 |     6 ||    43
       Chain mail        |       |    20 ||    20
Dodge: Dodged            |    44 |    28 ||    72

Table legend: (Time is in decaauts)
 A = Elapsed time spent in this place.
 B = Non-inter-level travel time spent in this place.
 C = Inter-level travel time spent in this place.
 D = Time resting spent in this place.
 E = Time spent auto-exploring this place.
 F = Levels seen in this place.
 G = Mean time per level.
                   A        B        C        D        E       F      G
               +--------+--------+--------+--------+--------+-----+--------+
         Total |   3145 |   3041 |    104 |      0 |   2416 |   5 |  629.0 |
       Dungeon |   3145 |   3041 |    104 |      0 |   2416 |   5 |  629.0 |
               +--------+--------+--------+--------+--------+-----+--------+

Top non-repeatable levels by time:
     D:2: 983 daAuts
     D:3: 944 daAuts
     D:1: 783 daAuts
     D:4: 397 daAuts
     D:7: 35 daAuts
